 Seeded DCSS version 0.30-a0-439-g9e77e4d916 (webtiles) character file.

Game seed: 2672040522805985899 (custom seed)

8767 innerfire433 the Fighter (level 11, -6/89 (92) HPs)
             Began as a Demonspawn Monk on Dec 11, 2022.
             Was a Priest of Ru.
             Mangled by a wraith (9 damage)
             ... led by Josephine
             ... on level 10 of the Dungeon.
             The game lasted 00:21:39 (10520 turns).

innerfire433 the Fighter (Demonspawn Monk)         Turns: 10520, Time: 00:21:40

HP:   -6/89 (92)    AC: 10    Str: 16    XL:     11   Next: 14%
MP:   11/11         EV: 13    Int: 12    God:    Ru [***...]
Gold: 550           SH: 11    Dex: 15    Spells: 10/10 levels left

rFire   x . .      SeeInvis +    a - +10 dagger "Buwuc" {venom, rC+}
rCold   . . .      Faith    .    G - +2 kite shield
rNeg    . . .      Spirit   .    L - +3 ring mail
rPois   .          Reflect  .    (no helmet)
rElec   .          Harm     .    (no cloak)
rCorr   +          Rampage  .    J - +0 pair of gloves
Will    .....                    (no boots)
Stlth   ..........               (no amulet)
HPRegen 0.34/turn                g - ring of see invisible
MPRegen 0.12/turn                j - ring of resist corrosion

@: slowed, studying Fighting, lightly drained, very slow
A: no stealth, temperature sensitive, sturdy frame 2, demonic magic 1, demonic
touch 2
a: Renounce Religion, Draw Out Power


You were on level 10 of the Dungeon.
You worshipped Ru.
Ru was most pleased with you.
You visited 2 branches of the dungeon, and saw 11 of its levels.

You collected 550 gold pieces.

Inventory:

Hand Weapons
 a - the +10 dagger "Buwuc" (weapon) {venom, rC+}
   (You found it on level 2 of the Dungeon)

   It poisons the flesh of those it strikes.
   rC:        It protects you from cold.
 b - the +8 sling of Strategic Superiority {freeze, rElec}
   (You found it on level 7 of the Dungeon)

   Any ammunition fired from it freezes those it strikes, dealing additional
   cold damage.
   It can also slow down cold-blooded creatures.
   rElec:     It insulates you from electricity.
 m - a +0 short sword
 F - a +0 spear of venom
Missiles
 u - a silver boomerang (quivered)
 H - a boomerang of dispersal
Armour
 l - a +1 ring mail of positive energy
 n - a scarf of harm
 E - a +0 robe
 G - a +2 kite shield (worn)
 J - a +0 pair of gloves (worn)
 L - a +3 ring mail (worn)
Jewellery
 g - a ring of see invisible (left hand)
 j - a ring of resist corrosion (right hand)
Wands
 r - a wand of polymorph (6)
 s - a wand of light (12)
 O - a wand of charming (2)
Scrolls
 e - 9 scrolls of identify {unknown}
 h - 5 scrolls of teleportation {unknown}
 i - a scroll of acquirement {unknown}
 k - 4 scrolls of silence {unknown}
 o - a scroll of immolation
 p - a scroll of brand weapon
 q - a scroll of torment {unknown}
 w - 4 scrolls of enchant weapon {unknown}
 x - a scroll of poison {unknown}
 y - 3 scrolls of fog {unknown}
 D - a scroll of summoning {unknown}
 M - a scroll of blinking {unknown}
Potions
 d - 4 potions of flight {unknown}
 t - 4 potions of mutation {unknown}
 v - a potion of degeneration {unknown}
 z - 2 potions of brilliance {unknown}
 A - a potion of cancellation {unknown}
 C - a potion of haste {unknown}
 I - 2 potions of lignification {unknown}
 K - 2 potions of might {unknown}
 N - a potion of invisibility {unknown}


   Skills:
 + Level 10.4 Fighting
 * Level 10.1 Short Blades
 + Level 6.7 Armour
 + Level 7.3 Dodging
 * Level 4.5 Shields


You had 10 spell levels left.
You didn't know any spells.
Your spell library contained the following spells:

 Spells                   Type           Power      Damage    Failure   Level
 Gell's Gravitas          Tloc           0%         N/A       97%         3
 Ignite Poison            Fire/Tmut/Pois 0%         N/A       97%         3
 Lesser Beckoning         Tloc           0%         N/A       97%         3
 Teleport Other           Tloc           0%         N/A       97%         3
 Sticky Flame             Conj/Fire      0%         2d3       100%        4
 Ignition                 Fire           0%         3d3       100%        8


Dungeon Overview and Level Annotations

Branches:
Dungeon (10/15)            Temple (1/1) D:4
   Lair: D:8-11         Orc: D:9-12

Altars:
Cheibriados
Dithmenos
Fedhas
Hepliaklqana
Kikubaaqudgha
Makhleb
Nemelex Xobeh
Qazlal
Ru
Sif Muna
Trog
Uskayaw
Vehumet
Wu Jian
Xom
Yredelemnul

Shops:
D:7 *

Annotations:
D:5 2 transporters, innerfire433's ghost, novice DsMo


Innate Abilities, Weirdness & Mutations

You cannot be stealthy.
You are sensitive to extremes of temperature. (rF-, rC-)
Your movements are less encumbered by armour. (ER -4)
Spells you cast may paralyse adjacent enemies.
Your touch may inflict irresistible damage on your foes.


Message History

The wraith is moderately damaged.
You block the wraith's attack. The wraith hits you but does no damage.
You block the wraith's attack.
You hit the wraith but do no damage.
The wraith is moderately damaged.
You block the wraith's attack.
The wraith hits you but does no damage. x2
You hit the wraith.
The wraith is moderately damaged.
The wraith completely misses you. You block the wraith's attack.
The wraith hits you but does no damage.
You barely miss the wraith.
The wraith is moderately damaged.
The wraith hits you!
* * * LOW HITPOINT WARNING * * *
The wraith drains your vigour!
You feel as though you will be slow longer.
The wraith hits you!
* * * LOW HITPOINT WARNING * * *
The wraith drains your vigour!
You feel as though you will be slow longer.
The wraith barely misses you.
You feel better. You block the wraith's attack. The wraith misses you.
The wraith hits you!
* * * LOW HITPOINT WARNING * * *
The wraith drains your vigour!
You feel as though you will be slow longer.
The wraith barely misses you. x3
The wraith hits you but does no damage. You block the wraith's attack.
The wraith hits you but does no damage.
You redirect the wraith's attack!
The wraith hits the wraith.
The wraith hits you.
* * * LOW HITPOINT WARNING * * *
The wraith drains your vigour!
You feel as though you will be slow longer.
The wraith hits you but does no damage. The wraith attacks as you move away!
The wraith hits you but does no damage. The wraith attacks as you move away!
You block the wraith's attack. The wraith barely misses you.
You block the wraith's attack. The wraith attacks as you move away!
The wraith hits you!
You die...

#.......##
###......#
.###...รท##
#..###...###
#..###...###
#.#..###...#
#.#.#)..##.#
#.#..###...#
#.[###W@.###
#..###.WW.##
#..###......#
..###......###
. #...)...##
##......##
#........#
#........#
#.........#


You could see 3 wraiths.

Vanquished Creatures
  Josephine (D:10)
  2 two-headed ogres (D:9)
  A manticore (D:10)
  Joseph (D:7)
  Maggie (D:10)
  2 trolls (D:10)
  Prince Ribbit (D:7)
  A shadow (D:10)
  Sigmund (D:2)
  A wraith (D:10)
  2 wyverns
  A steam dragon (D:10)
  3 vampire mosquitoes (D:7)
  Edmund (D:6)
  An acid dragon (D:9)
  3 water moccasins (D:7)
  Duvessa (D:5)
  2 orc warriors
  2 sky beasts
  2 black bears
  3 ice beasts
  2 ogres
  4 centaurs
  A kobold brigand (D:6)
  A gnoll sergeant (D:7)
  A bullfrog (D:8)
  3 necrophages
  4 scorpions
  8 wights
  Dowan (D:5)
  5 killer bees (D:10)
  2 howler monkeys
  5 hounds
  3 orc priests
  3 jellies
  Ijyb (D:4)
  7 iguanas
  4 orc wizards
  9 gnolls
  8 adders
  A shadow imp (D:7)
  4 white imps
  An ufetubus (D:5)
  7 worms
  3 dart slugs
  32 orcs
  4 bats
  5 endoplasms
  5 giant cockroaches
  6 goblins
  3 hobgoblins
  8 jackals
  2 quokkas
  7 ball pythons
  4 frilled lizards
  6 kobolds
  5 rats
208 creatures vanquished.

Vanquished Creatures (others)
  A plant (D:4)
  6 withered plants (D:4)
7 creatures vanquished.

Grand Total: 215 creatures vanquished

Notes
Turn   | Place    | Note
-------+----------+-------------------------------------------
     0 | D:1      | innerfire433 the Demonspawn Monk began the quest for the
                  | Orb.
     0 | D:1      | Reached XP level 1. HP: 18/18 MP: 1/1
   154 | D:1      | Gained mutation: Your movements are slightly less
                  | encumbered by armour. (ER -2) [demonic ancestry]
   154 | D:1      | Reached XP level 2. HP: 21/24 MP: 2/2
   809 | D:2      | Identified the +10 dagger "Buwuc" {venom, rC+}
   852 | D:2      | Reached skill level 1 in Armour
   852 | D:2      | Gained mutation: Your movements are less encumbered by
                  | armour. (ER -4) [demonic ancestry]
   852 | D:2      | Reached XP level 3. HP: 29/29 MP: 3/3
  1137 | D:2      | Found a faded altar of an unknown god.
  1153 | D:2      | Noticed Sigmund
  1164 | D:2      | Killed Sigmund
  1165 | D:2      | Reached XP level 4. HP: 26/37 MP: 4/4
  1165 | D:2      | Gained mutation: Spells you cast may paralyse adjacent
                  | enemies. [demonic ancestry]
  1165 | D:2      | Reached XP level 5. HP: 30/42 MP: 5/5
  1295 | D:2      | Identified the +0 helmet of Beogh's Regard {Rampage rElec
                  | Int+2 Dex+6}
  1797 | D:3      | Found a faded altar of an unknown god.
  1803 | D:3      | Found a shimmering blue altar of Sif Muna.
  1881 | D:3      | Found a sacrificial altar of Ru.
  1892 | D:3      | Became a worshipper of Ru the Awakened
  1918 | D:3      | Gained mutation: You cannot be stealthy. [Ru sacrifice]
  1992 | D:3      | Reached XP level 6. HP: 48/48 MP: 6/6
  2142 | D:4      | HP: 1/48 [ogre/+0 giant club (27)]
  2145 | D:4      | Reached skill level 5 in Short Blades
  2145 | D:4      | Reached XP level 7. HP: 27/55 MP: 7/7
  2264 | D:4      | Noticed Ijyb
  2281 | D:4      | Killed Ijyb
  2666 | D:4      | Found a staircase to the Ecumenical Temple.
  2729 | D:4      | Found an ancient bone altar of Kikubaaqudgha.
  2729 | D:4      | Found a blossoming altar of Fedhas.
  2792 | D:4      | Reached skill level 5 in Fighting
  2991 | D:5      | Entered Level 5 of the Dungeon
  3068 | D:5      | Gained mutation: Your touch may inflict minor irresistible
                  | damage on your foes. [demonic ancestry]
  3068 | D:5      | Reached XP level 8. HP: 16/63 MP: 8/8
  3490 | D:5      | Noticed innerfire433's ghost (novice DsMo)
  3513 | D:5      | Found a transporter.
  3517 | D:5      | Noticed Duvessa
  3517 | D:5      | Noticed Dowan
  3527 | D:5      | Killed Duvessa
  3551 | D:5      | Killed Dowan
  3613 | D:5      | Reached skill level 5 in Dodging
  3909 | D:5      | Found a transporter.
  4025 | D:5      | Found a shadowy altar of Dithmenos.
  4123 | Temple   | Entered the Ecumenical Temple
  4419 | D:6      | Noticed Edmund
  4429 | D:6      | Killed Edmund
  4882 | D:6      | Reached XP level 9. HP: 28/72 MP: 9/9
  6152 | D:7      | Identified the +8 sling of Strategic Superiority {freeze,
                  | rElec}
  6158 | D:7      | Noticed Joseph
  6165 | D:7      | Killed Joseph
  6166 | D:7      | Reached skill level 5 in Armour
  6475 | D:7      | Noticed Prince Ribbit
  6487 | D:7      | Killed Prince Ribbit
  6676 | D:7      | Gained mutation: Your touch may inflict irresistible damage
                  | on your foes. [demonic ancestry]
  6676 | D:7      | Reached XP level 10. HP: 41/83 MP: 10/10
  7115 | D:7      | Found Iqyam's Serpentskin Sales.
  7520 | D:8      | Reached skill level 1 in Shields
  8386 | D:8      | Found an ornate altar of the Wu Jian Council.
  8870 | D:9      | Found a stormy altar of Qazlal.
  8874 | D:9      | Gained mutation: You are sensitive to extremes of
                  | temperature. (rF-, rC-) [Ru sacrifice]
  8874 | D:9      | Reached * piety under Ru
  8874 | D:9      | Reached ** piety under Ru
  8874 | D:9      | Reached *** piety under Ru
  8986 | D:9      | Found a basalt altar of Yredelemnul.
  9094 | D:9      | Noticed a two-headed ogre
  9105 | D:9      | Killed a two-headed ogre
  9215 | D:9      | Noticed a two-headed ogre
  9227 | D:9      | HP: 4/84 [two-headed ogre/+0 giant club (21)]
  9228 | D:9      | Killed a two-headed ogre
  9696 | D:10     | Entered Level 10 of the Dungeon
  9709 | D:10     | Noticed Maggie
  9717 | D:10     | Killed Maggie
  9718 | D:10     | Reached skill level 10 in Fighting
 10188 | D:10     | Noticed a manticore
 10206 | D:10     | HP: 2/85 [manticore (6)]
 10207 | D:10     | Killed a manticore
 10208 | D:10     | Reached skill level 10 in Short Blades
 10208 | D:10     | Reached XP level 11. HP: 2/91 MP: 11/11
 10475 | D:10     | Noticed Josephine
 10496 | D:10     | HP: 4/80 [wraith[Josephine] (5)]
 10507 | D:10     | Killed Josephine
 10517 | D:10     | HP: 2/89 [wraith[Josephine] (5)]
 10520 | D:10     | Mangled by a wraith

Illustrated notes

Levels and vault maps discovered:
D:1:      psy_arrival_radial02, layout_rooms
D:2:      layout_basic, ebering_ecumenical_altar_mist, grunt_decor_clamped,
          uniq_sigmund
D:3:      layout_basic, nicolae_overflow_ecumenical_swirl,
          mainiacjoe_overflow_large_starburst
D:4:      layout_rooms, grunt_temple_overflow_growth_and_decay,
          minmay_temple_entry_ruins, minmay_manual_monstrance, uniq_ijyb
D:5:      nicolae_cairo_tiling_large, layout_cave_pools,
          mainiacjoe_overflow_concentric_impassable, gammafunk_ghost_hive,
          st_stairs_13, minmay_chambers_of_fives, uniq_duvessa
D:6:      layout_layer_cave, uniq_edmund
D:7:      layout_loops_ring, guppyfry_shop_venom, uniq_prince_ribbit1,
          uniq_joseph
D:8:      layout_loops_corners, pdpol_wu_jian_five_deadly_venoms
D:9:      layout_rooms, mainiacjoe_overflow_cross_hatched,
          nicolae_overflow_crystal_walls
D:10:     minmay_the_grid_four_pointed_star_mashed
          [minmay_the_grid_triangle_9x9_corrupted_corridor,
          minmay_the_grid_triangle_9x9_shrine,
          minmay_the_grid_triangle_9x9_impossible_snake,
          minmay_the_grid_triangle_9x9_flanged_cone,
          minmay_the_grid_prize_diamond_cup], layout_gridville,
          kennysheep_orc_monster_closet_entryway, kennysheep_generic_room_15,
          uniq_maggie, uniq_erolcha, uniq_josephine, uniq_lodul
Temple:   nicolae_temple_god_jail

Skill      XL: |  1  2  3  4  5  6  7  8  9 10 |
---------------+-------------------------------+-----
Short Blades   | 3 4 5 6 7 8 10 | 10.1
Armour         | 1 2 3 4 5 6 |  6.7
Dodging        | 3 4 5 6 7 |  7.3
Fighting       | 4 5 7 9 10 | 10.4
Stealth        | 0 |  0.0
Shields        | 4 |  4.5

Action                   |  1- 3 |  4- 6 |  7- 9 | 10-12 || total
-------------------------+-------+-------+-------+-------++-------
Melee: Short sword       |   102 |       |       |       ||   102
       Dagger            |    19 |    78 |   312 |   220 ||   629
       Punch             |       |     2 |     2 |       ||     4
       Touch             |       |       |    38 |     1 ||    39
Invok: Sacrifice Stealth |       |     1 |       |       ||     1
       Sacrifice Resista |       |       |       |     1 ||     1
  Use: Potion            |       |     1 |     1 |     6 ||     8
       Scroll            |       |       |       |     4 ||     4
 Stab: Sleeping          |     5 |     6 |       |       ||    11
       Invisible         |       |       |       |     2 ||     2
Armor: Robe              |    18 |       |       |       ||    18
       Ring mail         |     2 |    15 |    73 |    76 ||   166
Dodge: Dodged            |    55 |    39 |   157 |   128 ||   379
Block: Kite shield       |       |       |       |   123 ||   123

Table legend: (Time is in decaauts)
 A = Elapsed time spent in this place.
 B = Non-inter-level travel time spent in this place.
 C = Inter-level travel time spent in this place.
 D = Time resting spent in this place.
 E = Time spent auto-exploring this place.
 F = Levels seen in this place.
 G = Mean time per level.
                   A        B        C        D        E       F      G
               +--------+--------+--------+--------+--------+-----+--------+
         Total |  10328 |   9844 |    484 |      0 |   8248 |  11 |  938.9 |
       Dungeon |  10292 |   9841 |    451 |      0 |   8248 |  10 | 1029.2 |
        Temple |     35 |      2 |     33 |      0 |      0 |   1 |   35.0 |
               +--------+--------+--------+--------+--------+-----+--------+

Top non-repeatable levels by time:
     D:6: 1899 daAuts
     D:7: 1397 daAuts
     D:8: 1270 daAuts
     D:5: 1134 daAuts
     D:4: 888 daAuts
     D:9: 814 daAuts
    D:10: 807 daAuts
     D:2: 742 daAuts
     D:1: 702 daAuts
     D:3: 635 daAuts
  Temple: 35 daAuts
